 Dungeon Crawl Stone Soup version 0.28-a0-537-g3bccd9ccbf (webtiles) character file.

Game seed: 12488406588603041578

60 meatgazer the Skirmisher (level 3, 0/30 HPs)
             Began as a Demonspawn Abyssal Knight on Sept 27, 2021.
             Was a Follower of Lugonu.
             Slain by Robin (3 damage)
             ... on level 2 of the Dungeon.
             The game lasted 00:03:06 (2153 turns).

meatgazer the Skirmisher (DsAK)                     Turns: 2153, Time: 00:03:07

Health: 0/30       AC:  4    Str: 14    XL:     3   Next: 80%
Magic:  5/5        EV: 11    Int: 11    God:    Lugonu [*.....]
Gold:   49         SH:  0    Dex: 13    Spells: 2/2 levels left

rFire   . . .      SeeInvis .   a - +1 spear (elec)
rCold   . . .      Faith    .   (no shield)
rNeg    . . .      Spirit   .   b - +1 leather armour
rPois   .          Reflect  .   (no helmet)
rElec   .          Harm     .   (no cloak)
rCorr   .          Rampage  .   (no gloves)
Will    +....                   (no boots)
Stlth   +.........              (no amulet)
HPRegen 0.10/turn               e - ring of willpower
MPRegen 0.09/turn               (no ring)

@: flying
A: ignite blood 1
a: Renounce Religion, Depart the Abyss


You were on level 2 of the Dungeon.
You worshipped Lugonu.
Lugonu was aware of your devotion.
You visited 1 branch of the dungeon, and saw 2 of its levels.
You visited the Abyss 1 time.

You collected 49 gold pieces.

Inventory:

Hand Weapons
 a - a +1 spear of electrocution (weapon)
Armour
 b - a +1 leather armour (worn)
Jewellery
 e - a ring of willpower (left hand)
Scrolls
 h - a scroll of identify
Potions
 d - 2 potions of magic


   Skills:
 + Level 3.8 Fighting
 + Level 2.3 Polearms
 - Level 2.0 Armour
 - Level 1.0 Dodging
 * Level 3.5 Invocations


You had 2 spell levels left.
You didn't know any spells.
Your spell library was empty.

Dungeon Overview and Level Annotations

Branches:
Dungeon (2/15)

Altars:

Shops:
D:1 [?(*(

Annotations:
D:2 Robin


Innate Abilities, Weirdness & Mutations

Your demonic aura sometimes causes spilled blood to erupt in flames.


Message History

You reach to attack!
Your leather armour prevents you from hitting Robin.
Robin says, "A pitiful Demonspawn like you will never find the ORB!"
Robin roars a battlecry!
Reach: a) +1 spear (elec)
Press: ? - help, Dir - move target, f/p - Robin
Aim: Robin, wielding a +0 trident, wearing a +2 animal skin and wearing a +0 helmet (about 30% to evade your +1 spear of electrocution)
You reach to attack!
You hit Robin but do no damage.
Robin hits you from afar with a +0 trident.
Reach: a) +1 spear (elec)
Press: ? - help, Dir - move target, f/p - Robin
Aim: Robin, wielding a +0 trident, wearing a +2 animal skin and wearing a +0 helmet (about 30% to evade your +1 spear of electrocution)
You reach to attack!
You hit Robin but do no damage. Robin throws the goblin at you!
The goblin hits you but does no damage.
Reach: a) +1 spear (elec)
Press: ? - help, Dir - move target, f/p - Robin
Aim: Robin, wielding a +0 trident, wearing a +2 animal skin and wearing a +0 helmet (about 30% to evade your +1 spear of electrocution)
You reach to attack!
You hit Robin but do no damage.
Robin hits you from afar with a +0 trident.
The goblin misses you.
Reach: a) +1 spear (elec)
Press: ? - help, Dir - move target, f/p - Robin
Aim: Robin, wielding a +0 trident, wearing a +2 animal skin and wearing a +0 helmet (about 30% to evade your +1 spear of electrocution)
You reach to attack!
You completely miss Robin.
Robin hits you from afar with a +0 trident.
* * * LOW HITPOINT WARNING * * *
The goblin hits you with a +0 dagger.
* * * LOW HITPOINT WARNING * * *
It was a potion of flight.
You feel very buoyant.
You fly up into the air.
Robin barely misses you. The goblin hits you but does no damage.
You hit the goblin.
The goblin is heavily wounded.
Robin points. "Kill!"
Robin hits you but does no damage. The goblin barely misses you.
You barely miss the goblin.
The goblin is heavily wounded.
Robin hits you from afar with a +0 trident.
You die...

### .. ..# .l. #.#
... # #.#.##.# .#
#. #.#.##.#
.#...###.##.#.##.#
..............##.#
.. ...........##g#
.. ........#.##@#
... ......#.#.##.#
... #....g..g.#
... #....#.####
... #....#.# ...
#....#.#
.#.#####....#.#
............#.#
#.#####....#.#


You could see Robin and a goblin (strong).

Vanquished Creatures
  An adder (D:2)
  A dart slug (D:2)
  A bat (D:2)
  3 endoplasms
  11 goblins
  6 hobgoblins
  5 jackals
  2 quokkas
  3 ball pythons
  4 frilled lizards
  2 kobolds
  3 rats
42 creatures vanquished.

Notes
Turn   | Place    | Note
-------+----------+-------------------------------------------
     0 | Abyss:1  | meatgazer the Demonspawn Abyssal Knight began the quest for
                  | the Orb.
     0 | Abyss:1  | Reached XP level 1. HP: 18/18 MP: 2/2
   196 | Abyss:1  | Found a burning altar of Makhleb.
   242 | Abyss:1  | Noticed a ynoxinul
   255 | D:1      | Escaped the Abyss
   278 | D:1      | Found Irchir's Armour Shop.
   350 | D:1      | Found Fehastrekky's Antique Weapon Shoppe.
   381 | D:2      | Gained mutation: Your demonic aura sometimes causes spilled
                  | blood to erupt in flames. [demonic ancestry]
   381 | D:2      | Reached XP level 2. HP: 23/24 MP: 3/3
   560 | D:2      | Reached skill level 1 in Dodging
   684 | D:1      | Found Pemickah's Assorted Antiques.
   699 | D:1      | HP: 1/24 [jackal (2)]
   921 | D:1      | Reached * piety under Lugonu
  1341 | D:1      | Found a faded altar of an unknown god.
  1343 | D:1      | Found Zuycrawa's Magic Scroll Shoppe.
  1420 | D:1      | Reached XP level 3. HP: 23/30 MP: 5/5
  1640 | D:1      | Found Cyq Inae's Antique Weapon Shop.
  2043 | D:2      | Noticed Robin
  2153 | D:2      | Slain by Robin

Illustrated notes

Levels and vault maps discovered:
D:1:      minmay_arrival_glassed_features, layout_loops_cross, serial_shops,
          shop, shop, shop_statue, shop, shop_statue,
          hellmonk_ecumenical_altar_heavens_door, serial_forest,
          infiniplex_forest_lined_room_2, infiniplex_forest_straight_2,
          infiniplex_forest_fountain, infiniplex_forest_3_way,
          infiniplex_forest_end_3, infiniplex_forest_pool,
          infiniplex_forest_corner_1, minmay_statues_item
D:2:      layout_basic, minmay_misc_feat_rows, minmay_pentomino_w4,
          uniq_sigmund, uniq_robin

Skill      XL: |  1  2  3 |
---------------+----------+-----
Polearms       | 2 |  2.3
Dodging        | 1 |  1.0
Armour         | 2 |  2.0
Invocations    | 3 |  3.5
Fighting       | |  3.8

Action                   || total
-------------------------++-------
Melee: Spear             ||   139
Invok: Depart the Abyss  ||     1
  Use: Scroll            ||     8
       Potion            ||     1
 Stab: Distracted        ||     1
Armor: Leather armour    ||    44
Dodge: Dodged            ||    89

Table legend: (Time is in decaauts)
 A = Elapsed time spent in this place.
 B = Non-inter-level travel time spent in this place.
 C = Inter-level travel time spent in this place.
 D = Time resting spent in this place.
 E = Time spent auto-exploring this place.
 F = Levels seen in this place.
 G = Mean time per level.
                   A        B        C        D        E       F      G
               +--------+--------+--------+--------+--------+-----+--------+
         Total |   2155 |   2116 |     39 |    803 |   1030 |   3 |  718.3 |
       Dungeon |   1900 |   1861 |     39 |    619 |    990 |   2 |  950.0 |
         Abyss |    255 |    255 |      0 |    184 |     40 |   1 |  255.0 |
               +--------+--------+--------+--------+--------+-----+--------+

Top non-repeatable levels by time:
     D:1: 1420 daAuts
     D:2: 480 daAuts
 Abyss:1: 255 daAuts
